 Dungeon Crawl Stone Soup version 0.17.1-3-g152610e (webtiles) character file.

93 macross the Skirmisher (level 4, 0/37 HPs)
             Began as a Demonspawn Abyssal Knight on Apr 21, 2016.
             Was an Initiate of Makhleb.
             Killed from afar by an orc wizard (7 damage)
             ... with a magic dart
             ... on level 3 of the Dungeon.
             The game lasted 00:11:46 (3088 turns).

macross the Skirmisher (Demonspawn Abyssal Knight)  Turns: 3088, Time: 00:11:46

Health: 0/37       AC:  5    Str: 13    XL:     4   Next: 37%
Magic:  0/5        EV: 11    Int: 13    God:    Makhleb [......]
Gold:   89         SH:  0    Dex: 13    Spells: 0 memorised, 3 levels left

rFire  . . .     SeeInvis .     g - +0 flail
rCold  . . .     Clarity  .     c - +0 ring mail
rNeg   . . .     SustAt   .     (no shield)
rPois  .         Gourm    .     (no helmet)
rElec  .         Spirit   +     (no cloak)
rCorr  +         Warding  .     (no gloves)
rMut   .         Stasis   .     (no boots)
MR     .....                    i - amulet of resist corrosion
Stlth  +.........               (no ring)
                                (no ring)

@: not resistant to hostile enchantments, very unstealthy
A: talons 1, magic shield
a: Renounce Religion


You were on level 3 of the Dungeon.
You worshipped Makhleb.
Makhleb was noncommittal.
You were very full.

You visited 1 branch of the dungeon, and saw 3 of its levels.
You visited the Abyss 1 time.

You collected 89 gold pieces.

Inventory:

Hand Weapons
 a - a +1 short sword
 d - a +0 dagger
 f - a +0 rapier
 g - a +0 flail (weapon)
Armour
 b - a +0 leather armour
 c - a +0 ring mail (worn)
 j - a cursed +0 ring mail
Jewellery
 i - an amulet of resist corrosion (around neck)
Scrolls
 e - a scroll of identify
Comestibles
 h - a bread ration


   Skills:
 + Level 3.7 Fighting
 + Level 2.2 Short Blades
 + Level 0.3 Maces & Flails
 + Level 2.5 Armour
 + Level 2.0 Dodging
 + Level 0.4 Stealth
 + Level 2.4 Invocations


You had 3 spell levels left.
You didn't know any spells.

Dungeon Overview and Level Annotations

Branches:
Dungeon (3/15)

Altars:
Ashenzari
Fedhas
Makhleb


Innate Abilities, Weirdness & Mutations

You have sharp toenails.
When hurt, damage is shared between your health and your magic reserves.


Message History

You hear some strange, mumbled words.
A puff of flame appears from out of thin air!
The puff of flame hits you!
You hear some strange, mumbled words.
A puff of flame appears from out of thin air!
The puff of flame hits you! Something completely misses you.
You hear some strange, mumbled words.
A puff of frost appears from out of thin air!
The puff of frost hits you!
* * * LOW HITPOINT WARNING * * *
You see here a quarterstaff.
Something hits you but does no damage.
Found 2 potions of curing.
Something hits you.
* * * LOW HITPOINT WARNING * * *
The jackal bites you but does no damage.
You hear some strange, mumbled words.
A magic dart appears from out of thin air!
The magic dart hits you!
You die...

... ##.# #...#####
#.....##############...
..######>.........)..[......
.......<.####.....######....
.######### #####..#####. #
#######........
#...@.h.####.!. #...#######
. #.. .


You could see a jackal.

Vanquished Creatures
  A crimson imp (D:2)
  2 adders (D:2)
  2 oozes (D:1)
  A giant gecko (D:2)
  3 orcs (D:3)
  2 bats (D:1)
  2 hobgoblins
  A jackal (D:3)
  6 kobolds
  3 giant cockroaches
  2 giant newts (D:2)
  5 goblins (D:1)
  4 rats
34 creatures vanquished.

Notes
Turn   | Place    | Note
--------------------------------------------------------------
     0 | Abyss:1  | macross the Demonspawn Abyssal Knight began the quest for the Orb.
     0 | Abyss:1  | Reached XP level 1. HP: 18/18 MP: 2/2
     5 | Abyss:1  | Found a corrupted altar of Lugonu.
    54 | D:1      | Escaped the Abyss
   109 | D:1      | Reached skill level 1 in Dodging
   109 | D:1      | Gained mutation: When hurt, damage is shared between your health and your magic reserves. [demonic ancestry]
   109 | D:1      | Reached XP level 2. HP: 10/24 MP: 3/3
  1379 | D:2      | Reached XP level 3. HP: 29/29 MP: 2/4
  1610 | D:2      | Reached ** piety under Lugonu
  1987 | D:2      | Found a blossoming altar of Fedhas.
  2077 | D:2      | Found a shattered altar of Ashenzari.
  2251 | D:2      | Found a burning altar of Makhleb.
  2304 | D:2      | Gained mutation: You have sharp toenails. [demonic ancestry]
  2304 | D:2      | Reached XP level 4. HP: 19/37 MP: 2/5
  2791 | D:2      | Fell from the grace of Lugonu
  2791 | D:2      | Became a worshipper of Makhleb the Destroyer
  3088 | D:3      | Killed from afar by an orc wizard

Action                   |  1- 3 |  4- 6 || total
-------------------------+-------+-------++-------
Melee: Short sword       |    95 |       ||    95
       Flail             |    42 |    38 ||    80
       Rapier            |     8 |       ||     8
  Use: Scroll            |     5 |       ||     5
       Potion            |     2 |       ||     2
  Eat: Bread ration      |     2 |     1 ||     3
